 Dungeon Crawl Stone Soup version 0.17-a0-119-g2b06fc5 (webtiles) character file.

338 lennard the Cutter (level 6, -2/30 HPs)
             Began as a Spriggan Gladiator on Mar 21, 2015.
             Splashed by a jelly's acid (10 damage)
             ... on level 6 of the Dungeon.
             The game lasted 00:04:12 (1872 turns).

lennard the Cutter (Spriggan Gladiator)             Turns: 1872, Time: 00:04:13

Health: -2/30      AC:  2    Str: 11    XL:     6   Next: 29%
Magic:  12/12      EV: 20    Int: 10    God:
Gold:   97         SH:  0    Dex: 18    Spells: 0 memorised, 5 levels left

rFire  . . .     SeeInvis +     p - +3 short sword (venom)
rCold  . . .     Clarity  .     b - +0 animal skin
rNeg   . . .     SustAb   .     (shield restricted)
rPois  .         Gourm    .     c - +0 hat
rElec  .         Spirit   .     (no cloak)
rCorr  .         Warding  .     (gloves unavailable)
rMut   .         Stasis   .     (boots unavailable)
MR     +....                    i - amulet of rage
Stlth  ++........               (no ring)
                                (no ring)

@: very quick, somewhat resistant to hostile enchantments, unstealthy
A: unfitting armour, see invisible, herbivore 3, speed 3, slow metabolism 2
a: Evoke Berserk Rage


You were on level 6 of the Dungeon.
You were not hungry.

You visited 1 branch of the dungeon, and saw 6 of its levels.

You collected 97 gold pieces.

Inventory:

Hand weapons
 a - a +0 rapier
 g - a +0 spear
 p - a +3 short sword of venom (weapon)
Missiles
 d - 3 throwing nets (quivered)
Armour
 b - a +0 animal skin (worn)
 c - a +0 hat (worn)
Jewellery
 i - an amulet of rage (around neck)
 u - an uncursed ring of ice
Scrolls
 e - a scroll of noise {unknown}
 j - a scroll of fear {unknown}
 k - a scroll of remove curse {unknown}
 l - a scroll of recharging {unknown}
 n - a scroll of fog {unknown}
 o - 2 scrolls of identify {unknown}
 r - 2 scrolls of blinking {unknown}
 s - a scroll of enchant weapon
Potions
 h - a potion of cancellation {unknown}
 m - a potion of curing {unknown}
 q - a potion of ambrosia {unknown}
 t - a potion of heal wounds {unknown}
 v - 2 potions of agility {unknown}
Comestibles
 f - 3 bread rations


   Skills:
 - Level 1.5 Fighting
 + Level 7.8 Short Blades
 - Level 2.1 Throwing
 - Level 4.4 Dodging


You had 5 spell levels left.
You didn't know any spells.

Dungeon Overview and Level Annotations

Branches:
Dungeon (6/15)
 Temple: D:4-7

Altars:


Innate Abilities, Weirdness & Mutations

You are tiny and cannot use many weapons and most armour.
You have supernaturally acute eyesight.
You are a herbivore.
You cover ground extremely quickly.
You need consume almost no food.


Message History

Found a rapier.
Put on which piece of jewellery? (? for menu, Esc to quit)
You feel more attuned to ice.
u - a ring of ice (left hand)
The jelly quivers.
Remove which piece of jewellery? (? for menu, Esc to quit)
You remove your ring of ice.
Unknown command.
You hear a slurping noise.
You see here 2 white potions.
v - 2 white potions You barely miss the jelly.
The jelly hits you.
You are splashed with acid!
The acid burns!
* * * LOW HITPOINT WARNING * * *
You hit the jelly.
The jelly is lightly wounded.
The jelly hits you.
* * * LOW HITPOINT WARNING * * *
You are splashed with acid!
The acid burns!
You die...

. .##.##.###...##. .... ....
#...##. ..... #.######...##.
...... #............. ......
..#####...### #.... #.# #...#
#.... ####'#####...# .
#....###.......##...### .
#.##....J@...............# .#.
#.#.##..##.#........######.# .#.
...........#.............#.# ...
.......#...........####.#.#
#.####......#.###.......# #.#.#
##...........#.###..)...>####.#(#
....#..#.#.......#...........§.§#
###..............#####.........§§
.......#.........#####...........


You could see a jelly.

Vanquished Creatures
  A giant frog (D:6)
  A water moccasin skeleton (D:5)
  A centaur zombie (D:6)
  A goliath beetle (D:6)
  An iguana (D:6)
  A hound zombie (D:5)
  A hound skeleton (D:4)
  3 gnolls
  3 river rats (D:6)
  An adder (D:5)
  A worm (D:2)
  An ooze (D:2)
  4 orcs (D:6)
  3 goblins
  4 hobgoblins
  2 jackals
  3 kobolds
  A quokka (D:6)
  4 bats
  A giant gecko zombie (D:5)
  5 rats
43 creatures vanquished.

Notes
Turn   | Place    | Note
--------------------------------------------------------------
     0 | D:1      | lennard, the Spriggan Gladiator, began the quest for the Orb.
     0 | D:1      | Reached XP level 1. HP: 10/10 MP: 2/2
    38 | D:1      | Reached XP level 2. HP: 4/14 MP: 4/4
   682 | D:2      | Reached XP level 3. HP: 14/18 MP: 6/6
   973 | D:4      | Reached skill level 5 in Short Blades
   978 | D:5      | Entered Level 5 of the Dungeon
  1147 | D:5      | Reached XP level 4. HP: 15/22 MP: 8/8
  1157 | D:5      | Reached skill level 6 in Short Blades
  1367 | D:6      | Noticed a giant frog
  1379 | D:6      | Killed a giant frog
  1379 | D:6      | Reached XP level 5. HP: 7/25 MP: 10/10
  1575 | D:6      | Reached skill level 7 in Short Blades
  1722 | D:6      | Reached XP level 6. HP: 30/30 MP: 12/12
  1872 | D:6      | Splashed by a jelly's acid

Action                   |  1- 3 |  4- 6 || total
-------------------------+-------+-------++-------
Melee: Rapier            |    73 |    42 ||   115
       Spear             |     8 |       ||     8
       Short sword       |       |    36 ||    36
 Abil: Evoke Berserk Rag |       |     1 ||     1
  Use: Scroll            |     2 |       ||     2
